 Dungeon Crawl Stone Soup version 0.30-a0-170-g85af917532 (webtiles) character file.

Game seed: 2495510850652226556

2705 qw the Cleaver (level 9, -2/55 HPs)
             Began as a Gargoyle Fighter on Oct 1, 2022.
             Slain by an unseen horror (6 damage)
             ... on level 7 of the Dungeon.
             The game lasted 00:02:38 (7084 turns).

qw the Cleaver (Gargoyle Fighter)                   Turns: 7084, Time: 00:02:39

Health: -2/55      AC: 15    Str: 23    XL:     9   Next: 65%
Magic:  9/9        EV:  7    Int:  8    God:
Gold:   326        SH: 11    Dex: 19    Spells: 8/8 levels left

rFire   . . .      SeeInvis .    o - +0 war axe (vamp)
rCold   . . .      Faith    .    s - +0 kite shield
rNeg    + . .      Spirit   .    i - +0 chain mail
rPois   inf        Reflect  .    (no helmet)
rElec   +          Harm     .    (no cloak)
rCorr   .          Rampage  .    (no gloves)
Will    .....                    (no boots)
Stlth   ..........               (no amulet)
HPRegen 0.18/turn                k - +6 ring of dexterity
MPRegen 0.11/turn                (no ring)

@: about to teleport
A: sickness immunity, AC +6, negative energy resistance 1, electricity
resistance, torment resistance 1, petrification resistance, agile 1
a: no special abilities


You were on level 7 of the Dungeon.
You visited 2 branches of the dungeon, and saw 8 of its levels.

You collected 417 gold pieces.
You spent 91 gold pieces at shops.


Innate Abilities, Weirdness & Mutations

You are immune to sickness and miasma.
Your stone body is resilient. (AC +6)
You are immune to poison.
You resist negative energy. (rN+)
You are resistant to electric shocks. (rElec)
You are resistant to unholy torment.
You are immune to petrification.
You are agile. (Dex +4, Str/Int -1)


   Skills:
 - Level 6.2 Fighting
 - Level 9.0 Axes
 + Level 3.2 Armour
 - Level 2.0 Dodging
 - Level 8.0 Shields


You had 8 spell levels left.
You didn't know any spells.
Your spell library was empty.

Inventory:

Hand Weapons
 e - a +0 flail
 o - a +0 vampiric war axe (weapon)
Armour
 i - a +0 chain mail (worn)
 s - a +0 kite shield (worn)
 t - the +0 robe of the Eggfruit {Drain rC+++ SInv Stlth+}
   (You found it on level 6 of the Dungeon)

   rC:        It renders you almost immune to cold.
   SInv:      It lets you see invisible.
   Drain:     It drains your maximum health when unequipped.
   Stlth:     It makes you more stealthy.
Jewellery
 k - a +6 ring of dexterity (left hand)
Scrolls
 a - 2 scrolls of identify
 c - a scroll of blinking {unknown}
 m - a scroll of brand weapon
 r - a scroll of teleportation
Potions
 b - a potion of cancellation
 d - 2 potions of might
 f - a potion of curing {unknown}
 g - 2 potions of mutation
 h - a potion of invisibility {unknown}
 j - a potion of attraction
 l - a potion of degeneration {unknown}
 n - 3 potions of lignification
 q - 2 potions of berserk rage {unknown}
 u - a potion of haste {unknown}

Dungeon Overview and Level Annotations

Branches:
Dungeon (7/15)             Temple (1/1) D:5

Altars:
Ashenzari
Cheibriados
Dithmenos
Elyvilon
Fedhas
Gozag
Hepliaklqana
Kikubaaqudgha
Makhleb
Nemelex Xobeh
Qazlal
Ru
Sif Muna
Trog
Uskayaw
Vehumet
Wu Jian
Xom
Yredelemnul
Zin
The Shining One

Shops:
D:3 (


Message History

The killer bee closely misses you. The killer bee barely misses you.
You hit the killer bee.
The killer bee is almost dead.
The killer bee stings you but does no damage.
The killer bee closely misses you.
You barely miss the killer bee.
The killer bee is almost dead.
You block the killer bee's attack. The killer bee barely misses you.
The killer bee stings you.
You barely miss the killer bee.
The killer bee is almost dead.
You block the killer bee's attack. x2
You slash the killer bee!
You feel better.
You kill the killer bee!
Something hits you but does no damage.
Your Axes skill increases to level 9!
You closely miss something. Something hits you.
Something hits you but does no damage.
You miss something. Something hits you.
You miss something. You block something's attack.
Something hits you but does no damage.
You hit something but do no damage. You block something's attack.
Something hits you but does no damage. Something hits you!
You hit something. Something hits you! Something hits you but does no damage.
You closely miss something. Something hits you.
Something hits you but does no damage.
You barely miss something.
Something hits you but does no damage. x2; Something hits you.
You miss something. Something hits you. x2
7083 ||| READING 2 scrolls of teleportation.
As you read the scroll of teleportation, it crumbles to dust.
You feel strangely unstable. Something hits you!
You barely miss something. Something hits you but does no damage.
Something hits you.
You die...

....# ##..#..# #.#
.#..##### #.###.#
#.# .#......# #.#
#.###.# .#.....#
###.# #.....#
.#.%)).# #...#
####### .......##
#.### ###..)..###
###.# .....#....#
#...# ###..#.##.#
#@### .....#.# .y.
#{# ###..#..
..#..##y#
...........y.....#
#....#.###.#..>###
.....#.# #...
.#...#.. #..
.#.#.#..# #.y
.#.#.# #.


You could see a killer bee.

Vanquished Creatures
  A yak (D:7)
  Eustachio (D:5)
  Menkaure (D:4)
  A steam dragon (D:7)
  A water moccasin (D:5)
  2 ice beasts
  A centaur (D:7)
  A phantom (D:4)
  A bullfrog (D:6)
  Blork the orc (D:5)
  A gnoll sergeant (D:6)
  2 necrophages
  3 scorpions (D:6)
  3 wights (D:7)
  7 killer bees (D:7)
  4 hounds
  2 orc priests
  2 jellies
  2 gnoll boudas (D:5)
  3 orc wizards
  2 iguanas
  Ijyb (D:4)
  12 adders
  17 gnolls
  A white imp (D:6)
  A worm (D:5)
  2 dart slugs
  10 orcs
  3 ball pythons
  5 endoplasms
  5 goblins
  3 hobgoblins
  3 jackals (D:3)
  5 quokkas
  12 bats
  3 frilled lizards
  4 kobolds
  5 rats
134 creatures vanquished.

Notes
Turn   | Place    | Note
-------+----------+-------------------------------------------
     0 | D:1      | qw the Gargoyle Fighter began the quest for the Orb.
     0 | D:1      | Reached XP level 1. HP: 14/14 MP: 1/1
     0 | D:1      | 0 ||| qw: Version: 0.2-a-13-gfc7b4b4
     0 | D:1      | 0 ||| qw: Game counter: 1714
     0 | D:1      | 0 ||| qw: Always use a shield: true
     0 | D:1      | 0 ||| qw: God list: Okawaru
     0 | D:1      | 0 ||| qw: Allow faded altars: false
     0 | D:1      | 0 ||| qw: Do Orc after D:15 true
     0 | D:1      | 0 ||| qw: Do second Lair branch before Depths: true
     0 | D:1      | 0 ||| qw: Lair rune preference: random
     0 | D:1      | 0 ||| qw: Plans: Normal, Zot:1-4, God:TSO, Crypt, Tomb,
                  | Pan, Slime:5, Hells, Abyss, Orb
     0 | D:1      | 0 ||| PLANNING D:1-11
   160 | D:1      | Reached skill level 2 in Axes
   437 | D:1      | 437 ||| Stepping ~*~*~tactically~*~*~ (stealth).
   444 | D:1      | 444 ||| Stepping ~*~*~tactically~*~*~ (stealth).
   445 | D:1      | 445 ||| Stepping ~*~*~tactically~*~*~ (stealth).
   505 | D:1      | Reached XP level 2. HP: 19/19 MP: 2/2
   596 | D:1      | 596 ||| Stepping ~*~*~tactically~*~*~ (stealth).
  1315 | D:1      | 1315 ||| DROPPING orb of guile.
  1357 | D:1      | 1357 ||| UPGRADING to +6 ring of dexterity.
  1359 | D:1      | 1359 ||| READING scroll labelled OSIUKL QEIZA.
  1361 | D:1      | 1361 ||| READING scroll labelled KIAXTE TAETA.
  1408 | D:2      | Reached skill level 3 in Axes
  1464 | D:2      | Reached XP level 3. HP: 23/23 MP: 3/3
  1609 | D:2      | Reached skill level 1 in Dodging
  2154 | D:2      | 2154 ||| READING scroll labelled JUAFYH HENOFUU.
  2155 | D:2      | 2155 ||| READING 2 scrolls labelled CUREET WIRUOCW.
  2156 | D:2      | 2156 ||| READING scroll labelled WOWOTT RUUXKU.
  2157 | D:2      | 2157 ||| DROPPING scroll of fog.
  2187 | D:3      | Found a hide-covered altar of Uskayaw.
  2253 | D:3      | HP: 5/23 [orc wizard/+0 dagger (3)]
  2255 | D:3      | Reached XP level 4. HP: 7/28 MP: 4/4
  2261 | D:3      | HP: 7/28 [orc wizard/puff of flame (1)]
  2263 | D:3      | Reached skill level 4 in Axes
  2364 | D:3      | 2364 ||| Stepping ~*~*~tactically~*~*~ (stealth).
  2370 | D:3      | 2370 ||| Stepping ~*~*~tactically~*~*~ (stealth).
  2513 | D:3      | 2513 ||| DROPPING +0 club.
  2522 | D:3      | Found a faded altar of an unknown god.
  2567 | D:3      | Reached XP level 5. HP: 32/32 MP: 5/5
  2613 | D:3      | Found Secza's Antique Weapon Emporium.
  2632 | D:3      | 2632 ||| BUYING flail (91 gold).
  2632 | D:3      | Bought a flail for 91 gold pieces
  2632 | D:3      | 2632 ||| SHOPLISTING glowing flail (169 gold, have 55).
  2632 | D:3      | 2632 ||| DROPPING +0 mace.
  2723 | D:3      | 2723 ||| FLEEEEING.
  2724 | D:3      | 2724 ||| FLEEEEING.
  2725 | D:3      | 2725 ||| FLEEEEING.
  2726 | D:3      | 2726 ||| FLEEEEING.
  2767 | D:3      | 2767 ||| Stepping ~*~*~tactically~*~*~ (hiding).
  2769 | D:3      | 2769 ||| Stepping ~*~*~tactically~*~*~ (hiding).
  2770 | D:3      | 2770 ||| Stepping ~*~*~tactically~*~*~ (hiding).
  2771 | D:3      | 2771 ||| Stepping ~*~*~tactically~*~*~ (hiding).
  2796 | D:3      | 2796 ||| Stepping ~*~*~tactically~*~*~ (stealth).
  2797 | D:3      | 2797 ||| Stepping ~*~*~tactically~*~*~ (stealth).
  2816 | D:3      | 2816 ||| FLEEEEING.
  2817 | D:3      | 2817 ||| FLEEEEING.
  2818 | D:3      | 2818 ||| FLEEEEING.
  2819 | D:3      | 2819 ||| FLEEEEING.
  2820 | D:3      | 2820 ||| FLEEEEING.
  2821 | D:3      | 2821 ||| FLEEEEING.
  2822 | D:3      | 2822 ||| FLEEEEING.
  2823 | D:3      | 2823 ||| FLEEEEING.
  2824 | D:3      | 2824 ||| FLEEEEING.
  2829 | D:3      | 2829 ||| FLEEEEING.
  2830 | D:3      | 2830 ||| FLEEEEING.
  2831 | D:3      | 2831 ||| FLEEEEING.
  2832 | D:3      | 2832 ||| FLEEEEING.
  2833 | D:3      | 2833 ||| FLEEEEING.
  2834 | D:3      | 2834 ||| FLEEEEING.
  2836 | D:3      | 2836 ||| FLEEEEING.
  2837 | D:3      | 2837 ||| FLEEEEING.
  2838 | D:3      | 2838 ||| FLEEEEING.
  2839 | D:3      | 2839 ||| FLEEEEING.
  2840 | D:3      | 2840 ||| FLEEEEING.
  2841 | D:3      | 2841 ||| FLEEEEING.
  2842 | D:3      | 2842 ||| FLEEEEING.
  3347 | D:3      | 3347 ||| DRINKING 2 viscous green potions.
  3348 | D:3      | 3348 ||| DRINKING 4 murky clear potions.
  3384 | D:3      | 3384 ||| DROPPING potion of flight.
  3441 | D:4      | Reached skill level 5 in Axes
  3490 | D:4      | Noticed a phantom
  3508 | D:4      | Killed a phantom
  3509 | D:4      | Reached XP level 6. HP: 28/39 MP: 6/6
  3656 | D:4      | Noticed Menkaure
  3657 | D:4      | 3657 ||| Stepping ~*~*~tactically~*~*~ (hiding).
  3658 | D:4      | 3658 ||| Stepping ~*~*~tactically~*~*~ (hiding).
  3664 | D:4      | Killed Menkaure
  3767 | D:4      | Noticed Ijyb
  3768 | D:4      | 3768 ||| Stepping ~*~*~tactically~*~*~ (hiding).
  3770 | D:4      | 3770 ||| Stepping ~*~*~tactically~*~*~ (hiding).
  3778 | D:4      | Reached skill level 6 in Axes
  3778 | D:4      | Reached XP level 7. HP: 37/44 MP: 7/7
  3780 | D:4      | Killed Ijyb
  3781 | D:4      | 3781 ||| FLEEEEING.
  3782 | D:4      | 3782 ||| FLEEEEING.
  3783 | D:4      | 3783 ||| FLEEEEING.
  3784 | D:4      | 3784 ||| FLEEEEING.
  3785 | D:4      | 3785 ||| FLEEEEING.
  3786 | D:4      | 3786 ||| FLEEEEING.
  3787 | D:4      | 3787 ||| FLEEEEING.
  3788 | D:4      | 3788 ||| FLEEEEING.
  3789 | D:4      | 3789 ||| FLEEEEING.
  3790 | D:4      | 3790 ||| FLEEEEING.
  3791 | D:4      | 3791 ||| FLEEEEING.
  3792 | D:4      | 3792 ||| FLEEEEING.
  3793 | D:4      | 3793 ||| FLEEEEING.
  3794 | D:4      | 3794 ||| FLEEEEING.
  3795 | D:4      | 3795 ||| FLEEEEING.
  3796 | D:4      | 3796 ||| FLEEEEING.
  3797 | D:4      | 3797 ||| FLEEEEING.
  3798 | D:4      | 3798 ||| FLEEEEING.
  3799 | D:4      | 3799 ||| FLEEEEING.
  3800 | D:4      | 3800 ||| FLEEEEING.
  3801 | D:4      | 3801 ||| FLEEEEING.
  3802 | D:4      | 3802 ||| FLEEEEING.
  3803 | D:4      | 3803 ||| FLEEEEING.
  3805 | D:4      | 3805 ||| FLEEEEING.
  3806 | D:4      | 3806 ||| FLEEEEING.
  3807 | D:4      | 3807 ||| FLEEEEING.
  3808 | D:4      | 3808 ||| FLEEEEING.
  3809 | D:4      | 3809 ||| FLEEEEING.
  3810 | D:4      | 3810 ||| FLEEEEING.
  3811 | D:4      | 3811 ||| FLEEEEING.
  3812 | D:4      | 3812 ||| FLEEEEING.
  3813 | D:4      | 3813 ||| FLEEEEING.
  3814 | D:4      | 3814 ||| FLEEEEING.
  3815 | D:4      | 3815 ||| FLEEEEING.
  3816 | D:4      | 3816 ||| FLEEEEING.
  3817 | D:4      | 3817 ||| FLEEEEING.
  3818 | D:4      | 3818 ||| FLEEEEING.
  3819 | D:4      | 3819 ||| STAIRDANCE
  3889 | D:3      | 3889 ||| READING scroll labelled MUFEVI OL GUETZ.
  4075 | D:4      | 4075 ||| Stepping ~*~*~tactically~*~*~ (stealth).
  4076 | D:4      | 4076 ||| Stepping ~*~*~tactically~*~*~ (stealth).
  4108 | D:4      | 4108 ||| Stepping ~*~*~tactically~*~*~ (stealth).
  4109 | D:4      | 4109 ||| Stepping ~*~*~tactically~*~*~ (stealth).
  4600 | D:4      | 4600 ||| UPGRADING to +0 chain mail.
  4610 | D:4      | 4610 ||| DROPPING +0 scale mail.
  4611 | D:4      | 4611 ||| READING 3 scrolls labelled FEDGHULO SEURCHY.
  4612 | D:4      | 4612 ||| READING 2 scrolls of brand weapon.
  4612 | D:4      | 4612 ||| BRANDING +0 vorpal war axe.
  4613 | D:4      | 4613 ||| READING scroll labelled CEONNUF OSKI.
  4702 | D:5      | Entered Level 5 of the Dungeon
  4703 | D:5      | Noticed Eustachio
  4725 | D:5      | Killed Eustachio
  4726 | D:5      | Reached skill level 7 in Axes
  5124 | D:5      | Noticed Blork the orc
  5137 | D:5      | Killed Blork the orc
  5291 | D:5      | 5291 ||| Stepping ~*~*~tactically~*~*~ (hiding).
  5296 | D:5      | Reached XP level 8. HP: 49/49 MP: 8/8
  5320 | D:5      | Found a staircase to the Ecumenical Temple.
  5321 | D:5      | 5321 ||| PLANNING TEMPLE
  5321 | D:5      | 5321 ||| DRINKING 2 fuming ruby potions.
  5322 | D:5      | 5322 ||| DRINKING 3 dark potions.
  5323 | D:5      | 5323 ||| DROPPING potion of brilliance.
  5332 | Temple   | Entered the Ecumenical Temple
  5366 | Temple   | 5366 ||| PLANNING D:1-11
  5474 | D:5      | Reached skill level 8 in Axes
  5626 | D:5      | 5626 ||| UPGRADING to +0 kite shield.
  5636 | D:5      | 5636 ||| DROPPING +0 buckler.
  5637 | D:5      | 5637 ||| READING scroll labelled GOCEGATAQA.
  5638 | D:5      | 5638 ||| DRINKING 2 fizzy orange potions.
  5638 | D:5      | Gained mutation: You are agile. (Dex +4, Str/Int -1)
                  | [potion of mutation]
  5639 | D:5      | 5639 ||| READING 2 scrolls of identify.
  5639 | D:5      | 5639 ||| IDENTIFYING green potion
  5812 | D:6      | Found a blossoming altar of Fedhas.
  5816 | D:6      | Found a stormy altar of Qazlal.
  5837 | D:6      | Reached skill level 6 in Shields
  5910 | D:6      | Found a white marble altar of Elyvilon.
  5911 | D:6      | Found a shimmering altar of Xom.
  5983 | D:6      | Identified the +0 robe of the Eggfruit {Drain rC+++ SInv
                  | Stlth+}
  6048 | D:6      | 6048 ||| Stepping ~*~*~tactically~*~*~ (hiding).
  6051 | D:6      | 6051 ||| Stepping ~*~*~tactically~*~*~ (hiding).
  6074 | D:6      | Reached XP level 9. HP: 54/54 MP: 9/9
  6259 | D:6      | Found a snail-covered altar of Cheibriados.
  6295 | D:6      | Found a glowing golden altar of the Shining One.
  6386 | D:6      | Found a snail-covered altar of Cheibriados.
  6435 | D:6      | 6435 ||| READING scroll labelled MUAKITZEPSO.
  6436 | D:6      | 6436 ||| DRINKING 2 murky dark potions.
  6466 | D:7      | HP: 9/54 [gnoll sergeant/+1 spear of distortion (17)]
  6467 | D:7      | 6467 ||| READING 5 scrolls of teleportation.
  6468 | D:7      | 6468 ||| DRINKING 3 potions of heal wounds.
  6493 | D:7      | 6493 ||| Stepping ~*~*~tactically~*~*~ (stealth).
  6538 | D:7      | 6538 ||| Stepping ~*~*~tactically~*~*~ (stealth).
  6550 | D:7      | Reached skill level 6 in Fighting
  6621 | D:7      | 6621 ||| Stepping ~*~*~tactically~*~*~ (stealth).
  6684 | D:7      | 6684 ||| Stepping ~*~*~tactically~*~*~ (stealth).
  6759 | D:7      | HP: 10/55 [steam dragon] (13)]
  6760 | D:7      | 6760 ||| READING 4 scrolls of teleportation.
  6761 | D:7      | 6761 ||| DRINKING 2 potions of heal wounds.
  6783 | D:7      | 6783 ||| Stepping ~*~*~tactically~*~*~ (stealth).
  6784 | D:7      | 6784 ||| Stepping ~*~*~tactically~*~*~ (stealth).
  6791 | D:7      | HP: 10/55 [orc warrior/+0 dire flail (7)]
  6792 | D:7      | 6792 ||| READING 3 scrolls of teleportation.
  6793 | D:7      | 6793 ||| DRINKING potion of heal wounds.
  6930 | D:7      | 6930 ||| Stepping ~*~*~tactically~*~*~ (stealth).
  6936 | D:7      | 6936 ||| Stepping ~*~*~tactically~*~*~ (stealth).
  7048 | D:7      | 7048 ||| Stepping randomly (disturbance).
  7050 | D:7      | 7050 ||| Stepping ~*~*~tactically~*~*~ (stealth).
  7053 | D:7      | 7053 ||| Stepping ~*~*~tactically~*~*~ (stealth).
  7058 | D:7      | 7058 ||| Stepping ~*~*~tactically~*~*~ (stealth).
  7075 | D:7      | Reached skill level 9 in Axes
  7082 | D:7      | HP: 12/55 [something (2)]
  7083 | D:7      | 7083 ||| READING 2 scrolls of teleportation.
  7083 | D:7      | HP: 4/55 [something (8)]
  7084 | D:7      | Slain by an unseen horror

Levels and vault maps discovered:
D:1:      lightli_molten_gateway, layout_basic, serial_corexii_hall,
          corexii_hall_statues_l, corexii_hall_statues_x, minmay_heptomino_o4
D:2:      layout_loops_corners
D:3:      kennysheep_big_flooded_room, layout_basic, overflow_temple_1_default,
          shapermc_ecumenical_altar_starsandcircs, serial_shops,
          nicolae_shop_advertising_works [nicolae_subvault_shop_adworks]
D:4:      layout_basic, uniq_ijyb, uniq_menkaure
D:5:      layout_rooms, minmay_temple_entry_antechambers, uniq_blork_the_orc,
          uniq_eustachio
D:6:      nicolae_cairo_tiling, layout_cave_pools,
          gammafunk_temple_overflow_forgotten, gammafunk_temple_overflow_pools,
          serial_park, serial_park_square1 [serial_park_minivault_5x5_5],
          hangedman_feature_mirror
D:7:      layout_basic, kennysheep_little_box, st_stairs_11, grunt_ogre_cave,
          minmay_small_thing
Temple:   hellmonk_temple_of_storms

Skill      XL: |  1  2  3  4  5  6  7  8  9 |
---------------+----------------------------+-----
Axes           | 2 3 4 5 6 7 8 9 |  9.0
Dodging        | 1 2 |  2.0
Fighting       | 4 5 6 |  6.2
Shields        | 7 8 |  8.0
Armour         | |  3.2

Action                   |  1- 3 |  4- 6 |  7- 9 || total
-------------------------+-------+-------+-------++-------
Melee: War axe           |   114 |   100 |   337 ||   551
  Use: Scroll            |     5 |       |    11 ||    16
       Potion            |       |     2 |     7 ||     9
Armor: Scale mail        |    67 |    52 |    20 ||   139
       Chain mail        |       |       |   218 ||   218
Dodge: Dodged            |    53 |    37 |   140 ||   230
Block: Buckler           |    35 |    23 |    30 ||    88
       Kite shield       |       |       |   161 ||   161

Table legend:
 A = Non-vault XP
 B = Vault XP
 C = Vault XP percentage of total XP
 D = Non-vault monster count
 E = Vault monster count
 F = Vault count percentage of total count
                 A         B        C        D         E       F
            +---------+---------+-------+---------+---------+-------
      Total |    3056 |     809 |  20.9 |     120 |      14 |  10.4
            +---------+---------+-------+---------+---------+-------
        D:1 |      22 |       5 |  18.5 |      15 |       4 |  21.1
        D:2 |      31 |       0 |   0.0 |      12 |       0 |   0.0
        D:3 |     189 |       4 |   2.1 |      22 |       2 |   8.3
        D:4 |     297 |     204 |  40.7 |      14 |       2 |  12.5
        D:5 |     524 |     273 |  34.3 |      19 |       2 |   9.5
        D:6 |     911 |       6 |   0.7 |      21 |       2 |   8.7
        D:7 |    1082 |     317 |  22.7 |      17 |       2 |  10.5
            +---------+---------+-------+---------+---------+-------
